 Dungeon Crawl Stone Soup version 0.27.1 (webtiles) character file.

Game seed: 4734145531114313625

3212 MajorAdolf the Fighter (level 9, -18/81 (90) HPs)
             Began as a Naga Wanderer on Aug 27, 2021.
             Killed from afar by a deep elf pyromancer (27 damage)
             ... with a bolt of fire
             ... on level 8 of the Dungeon.
             The game lasted 00:18:23 (12869 turns).

MajorAdolf the Fighter (Naga Wanderer)             Turns: 12869, Time: 00:18:23

HP:   -18/81 (90)   AC:  7    Str: 16    XL:     9   Next: 97%
MP:   9/9           EV: 14    Int: 14    God:
Gold: 430           SH:  0    Dex: 18    Spells: 8/8 levels left

rFire    . . .     SeeInvis +   o - +0 dagger (pain)
rCold    . . .     Faith    .   (no shield)
rNeg     . . .     Spirit   .   v - +0 robe of Hawkyuwe {Dex+7}
rPois    +         Reflect  .   (no helmet)
rElec    .         Harm     .   j - +1 cloak
rCorr    .         Rampage  .   G - +0 pair of gloves
Will     +....                  (no barding)
Stlth    ++........             E - amulet of regeneration
HPRegen  1.23/turn              h - +4 ring of evasion
MPRegen  0.11/turn              (no ring)

@: heavily drained, very slow
A: AC +3, large, see invisible, deformed body, poison resistance, slowness 2,
spit poison 1, naga tail 1
a: Spit Poison


You were on level 8 of the Dungeon.
You visited 1 branch of the dungeon, and saw 8 of its levels.
You also visited: Ossuary.

You collected 430 gold pieces.

Inventory:

Hand Weapons
 a - a +2 dagger
 c - a +0 hand crossbow
 f - a +0 dagger
 o - a +0 dagger of pain (weapon)
 F - a +1 dagger of venom
 K - the +4 falchion of Dalow {vorpal, rC- Str+4}
   (You found it on level 7 of the Dungeon)

   It inflicts extra damage upon your enemies.
   Str:       It affects your strength (+4).
   rC:        It makes you vulnerable to cold.
Missiles
 d - 52 bolts
 e - 104 poisoned darts (quivered)
 i - 6 silver javelins
Armour
 j - a +1 cloak (worn)
 v - the +0 robe of Hawkyuwe (worn) {Dex+7}
   (You found it on level 5 of the Dungeon)

   Dex:       It affects your dexterity (+7).
 G - a +0 pair of gloves (worn)
Jewellery
 h - a +4 ring of evasion (left hand)
 p - a +6 ring of strength
 r - an amulet of the acrobat
 u - an amulet of guardian spirit
 w - an amulet of magic regeneration
 E - an amulet of regeneration (around neck)
Wands
 L - a wand of charming (12)
Scrolls
 g - 3 scrolls of identify
 n - 5 scrolls of enchant armour
 t - 5 scrolls of teleportation
 x - a scroll of immolation {unknown}
 y - 2 scrolls of magic mapping {unknown}
 z - a scroll of amnesia {unknown}
 A - a scroll of brand weapon {unknown}
 B - a scroll of noise {unknown}
 H - a scroll of summoning {unknown}
Potions
 b - 2 potions of heal wounds
 k - 2 potions of haste
 l - 8 potions of curing
 m - 2 potions of flight
 q - 3 potions of attraction
 s - 2 potions of magic {unknown}
 C - 2 potions of might {unknown}
 D - a potion of brilliance {unknown}
 I - a potion of invisibility
 J - a potion of resistance {unknown}


   Skills:
 + Level 8.7 Fighting
 + Level 7.3 Short Blades
 - Level 2.6 Crossbows
 - Level 1.0 Throwing
 - Level 1.0 Dodging
 - Level 3.0 Stealth
 + Level 7.7 Necromancy


You had 8 spell levels left.
You didn't know any spells.
Your spell library contained the following spells:

 Spells                   Type           Power      Damage    Failure   Level
 Sublimation of Blood     Necr           10%        N/A       1%          2
 Freeze                   Ice            0%         1d3       28%         1
 Summon Small Mammal      Summ           0%         N/A       28%         1
 Blink                    Tloc           N/A        N/A       41%         2
 Wereblood                Tmut           0%         N/A       41%         2
 Call Canine Familiar     Summ           0%         N/A       65%         3
 Frozen Ramparts          Ice            0%         1d2       65%         3
 Lesser Beckoning         Tloc           0%         N/A       65%         3
 Summon Guardian Golem    Hex/Summ       0%         N/A       65%         3
 Hailstorm                Conj/Ice       0%         3d3       96%         4
 Petrify                  Tmut/Erth      0%         N/A       96%         4
 Manifold Assault         Tloc           0%         N/A       100%        5
 Metabolic Englaciation   Hex/Ice        0%         N/A       100%        5
 Summon Forest            Summ/Tloc      0%         N/A       100%        5
 Eringya's Noxious Bog    Tmut/Pois      0%         N/A       100%        6
 Statue Form              Tmut/Erth      0%         N/A       100%        6
 Summon Hydra             Summ           0%         N/A       100%        7


Dungeon Overview and Level Annotations

Branches:
Dungeon (8/15)             Temple (0/1) D:6         Ossuary (visited)
   Lair: D:8-11

Altars:
Fedhas
Kikubaaqudgha
Nemelex Xobeh
Trog
Zin

Annotations:
D:3 Grinder
D:5 exclusion: ogre
D:7 exclusion: 2 wights
D:8 Grum


Innate Abilities, Weirdness & Mutations

Your serpentine skin is tough. (AC +3)
You have supernaturally acute eyesight. (SInv)
Armour fits poorly on your strangely shaped body.
Your system is resistant to poisons. (rPois)
You cover ground very slowly.
You can spit poison.
You have a snake-like lower body.


Message History

You hit the deep elf pyromancer.
The deep elf pyromancer writhes in agony.
The deep elf pyromancer is severely wounded.
The fire elemental barely misses you.
Grum the Hunter comes into view.
He is wielding a -2 glaive.
Okay, then.
You hit the deep elf pyromancer but do no damage.
The deep elf pyromancer writhes in agony!
The deep elf pyromancer is severely wounded.
The deep elf pyromancer closely misses you.
The fire elemental completely misses you.
You hit the deep elf pyromancer.
The deep elf pyromancer writhes in agony!
The deep elf pyromancer is almost dead.
The deep elf pyromancer closely misses you.
The fire elemental hits you. The fire elemental burns you!
You barely miss the deep elf pyromancer.
The deep elf pyromancer is almost dead.
You closely miss the deep elf pyromancer.
The deep elf pyromancer is almost dead.
The fire elemental hits you. The fire elemental burns you!
* * * LOW HITPOINT WARNING * * *
The deep elf pyromancer closely misses you.
You closely miss the deep elf pyromancer.
The deep elf pyromancer is almost dead.
The fire elemental barely misses you.
The deep elf pyromancer hits you but does no damage.
You barely miss the deep elf pyromancer.
The deep elf pyromancer is almost dead.
Grum closely misses you. The fire elemental hits you.
* * * LOW HITPOINT WARNING * * *
The fire elemental burns you!
* * * LOW HITPOINT WARNING * * *
Unknown command.
The wolf howls!
You hit the deep elf pyromancer.
The deep elf pyromancer is almost dead.
The deep elf pyromancer casts a spell at you.
The bolt of fire hits you!!
You die...

....#.....##....##.....#
..#####.........##)....#
................+......#
....#...#.......#......#
........#.......#.)....#
....#.#.##.#...........#
........#...#..))#.....#
........#.......†#.....#
............#...@'.....#
..........#####.eE.....#
............ .g........#
...####+#...#...#..#...#
.....#..##### ..#h#. #.#
....... .# ....... .#


You could see a deep elf pyromancer, Grum, a fire elemental (summoned) and a
wolf.

Vanquished Creatures
  Maggie (D:7)
  A hornet (D:7)
  3 water moccasins
  Duvessa (D:5)
  A black bear (D:4)
  3 sky beasts
  A necrophage (D:4)
  A wolf (D:8)
  2 centaurs
  3 bullfrogs
  2 kobold brigands
  A wyvern zombie (D:5)
  Dowan (D:5)
  A scorpion (D:5)
  A water moccasin skeleton (D:6)
  5 wights
  3 centaur zombies
  2 centaur skeletons (D:5)
  2 orc priests
  A bullfrog skeleton (D:6)
  A jelly (D:8)
  2 hounds (D:6)
  An iguana (D:5)
  Natasha (twice) (D:3)
  4 orc wizards
  A hound zombie (D:5)
  A hound skeleton (D:4)
  12 mummies (Ossuary)
  8 adders
  A white imp (D:5)
  An ufetubus (D:5)
  2 worms (D:2)
  A dart slug (D:2)
  17 orcs
  4 ball pythons
  5 bats
  5 endoplasms
  A giant cockroach (D:1)
  4 goblins
  4 hobgoblins
  4 quokkas
  2 frilled lizards
  2 gnoll skeletons (Ossuary)
  2 goblin skeletons (Ossuary)
  15 kobolds
  2 kobold skeletons (Ossuary)
  2 orc skeletons (Ossuary)
  A quokka zombie (D:5)
  3 rats
  11 rat skeletons (Ossuary)
  A rat zombie (D:5)
158 creatures vanquished.

Notes
Turn   | Place    | Note
-------+----------+-------------------------------------------
     0 | D:1      | MajorAdolf the Naga Wanderer began the quest for the Orb.
     0 | D:1      | MajorAdolf set off with the following items: a +2 dagger, a
                  | potion of heal wounds, a +0 hand crossbow, 27 bolts, 14
                  | poisoned darts, a +0 dagger, a +0 robe
     0 | D:1      | Reached XP level 1. HP: 19/19 MP: 1/1
    87 | D:1      | Found a faded altar of an unknown god.
   430 | D:1      | Reached XP level 2. HP: 27/27 MP: 2/2
   856 | D:1      | Reached skill level 3 in Fighting
  1172 | D:2      | Reached XP level 3. HP: 34/34 MP: 3/3
  2161 | D:2      | Reached skill level 1 in Necromancy
  2693 | D:3      | Reached skill level 4 in Fighting
  2693 | D:3      | Reached XP level 4. HP: 44/44 MP: 4/4
  2730 | D:3      | Noticed Natasha
  3480 | D:3      | Noticed Grinder
  3531 | D:3      | Killed Natasha
  3558 | D:3      | Noticed Natasha
  3701 | D:3      | Killed Natasha
  3702 | D:3      | Reached XP level 5. HP: 43/51 MP: 5/5
  3987 | D:4      | Noticed a black bear
  4075 | D:4      | Found a sparkling altar of Nemelex Xobeh.
  4253 | D:4      | Noticed a necrophage
  4263 | D:4      | Killed a necrophage
  4264 | D:4      | Reached XP level 6. HP: 59/60 MP: 6/6
  5206 | D:4      | Killed a black bear
  5207 | D:4      | Reached skill level 5 in Fighting
  5444 | D:4      | Found a sparkling altar of Nemelex Xobeh.
  5805 | D:5      | Entered Level 5 of the Dungeon
  5884 | D:5      | Identified the +0 robe of Hawkyuwe {Dex+7}
  5905 | D:5      | Noticed Dowan
  5976 | D:5      | Reached XP level 7. HP: 57/67 MP: 7/7
  6106 | D:5      | Found a sand-covered staircase.
  6129 | Ossuary  | Entered an ossuary
  7498 | D:5      | Reached skill level 6 in Fighting
  7753 | D:5      | Noticed Duvessa
  7777 | D:5      | Killed Duvessa
  7778 | D:5      | Reached XP level 8. HP: 56/76 MP: 8/8
  8521 | D:5      | Killed Dowan
  8522 | D:5      | Reached skill level 5 in Necromancy
  9516 | D:6      | Found a staircase to the Ecumenical Temple.
  9986 | D:6      | Reached skill level 5 in Short Blades
 10378 | D:6      | Reached skill level 7 in Fighting
 10839 | D:7      | Reached XP level 9. HP: 74/79 MP: 9/9
 10890 | D:7      | Found a blossoming altar of Fedhas.
 10907 | D:7      | Noticed Maggie
 10924 | D:7      | Killed Maggie
 11068 | D:7      | Noticed a hornet
 11090 | D:7      | Killed a hornet
 11095 | D:7      | Reached skill level 8 in Fighting
 11538 | D:7      | Identified the +4 falchion of Dalow {vorpal, rC- Str+4}
 11552 | D:7      | Found a bloodstained altar of Trog.
 12185 | D:8      | Found an ancient bone altar of Kikubaaqudgha.
 12423 | D:8      | Found a glowing silver altar of Zin.
 12851 | D:8      | Noticed a deep elf pyromancer
 12862 | D:8      | Noticed Grum
 12869 | D:8      | Killed from afar by a deep elf pyromancer

Illustrated notes

Levels and vault maps discovered:
D:1:      minmay_arrival_plants_in_alcoves, layout_loops_cross,
          shapermc_ecumenical_altar_pompeii
D:2:      layout_basic
D:3:      cheibrodos_thug_alley, layout_rooms, serial_glass, glass_columns_a,
          glass_columns_b, glass_columns_a, glass_columns_a, uniq_natasha,
          uniq_grinder
D:4:      layout_loops_ring, nemelex_dance_club_becter
D:5:      layout_basic, enter_ossuary_4, uniq_duvessa
D:6:      layout_loops_corners, temple_pool_b, minmay_misc_feat_encased
D:7:      layout_basic, fedhas_ov_isle_minmay, lightli_temple_of_fire,
          uniq_maggie
D:8:      layout_gridville, mainiacjoe_overflow_catwalk, lemuel_tele_altar,
          hangedman_decor_lopped, uniq_grum

Skill      XL: |  1  2  3  4  5  6  7  8  9 |
---------------+----------------------------+-----
Fighting       | 3 4 5 6 7 8 |  8.7
Necromancy     | 1 2 3 4 6 7 |  7.7
Short Blades   | 2 4 5 7 |  7.3
Crossbows      | |  2.6
Throwing       | |  1.0
Dodging        | |  1.0
Stealth        | |  3.0

Action                   |  1- 3 |  4- 6 |  7- 9 || total
-------------------------+-------+-------+-------++-------
Melee: Dagger            |    68 |   204 |   491 ||   763
       Falchion          |       |       |    33 ||    33
 Fire: Hand crossbow     |       |     3 |   110 ||   113
Throw: Dart              |    21 |     8 |     1 ||    30
 Abil: Spit Poison       |    22 |    10 |     6 ||    38
  Use: Scroll            |       |     7 |     1 ||     8
       Potion            |       |     1 |     1 ||     2
 Stab: Sleeping          |     4 |     2 |     8 ||    14
       Distracted        |       |       |     1 ||     1
Armor: Robe              |    11 |    58 |   122 ||   191
       Skin              |       |       |    59 ||    59
Dodge: Dodged            |    43 |   150 |   317 ||   510
       Rpst.: Falchion   |       |       |    10 ||    10
